 Dungeon Crawl Stone Soup version 0.26-a0-52-gd53d4cd (webtiles) character file.

Game seed: 1447199684278940018

4974 Faca the Fighter (level 10, -1/96 HPs)
             Began as a Red Draconian Fighter on June 6, 2020.
             Was a Believer of Okawaru.
             Slain by a troll (16 damage)
             ... on level 9 of the Dungeon.
             The game lasted 00:16:16 (9511 turns).

Faca the Fighter (Red Draconian Fighter)            Turns: 9511, Time: 00:16:17

Health: -1/96      AC: 11    Str: 25    XL:     10   Next: 28%
Magic:  10/10      EV: 12    Int:  8    God:    Okawaru [**....]
Gold:   435        SH: 11    Dex: 11    Spells: 9/9 levels left

rFire    + . .     SeeInvis .   a - +1 long sword
rCold    . . .     Gourm    .   b - +1 kite shield
rNeg     + . .     Faith    .   (armour unavailable)
rPois    .         Spirit   .   (helmet restricted)
rElec    .         Reflect  .   f - +0 cloak
rCorr    .         Harm     .   y - +1 pair of gloves {Str+3}
MR       .....                  i - +0 pair of boots
Stlth    ++........             (no amulet)
HPRegen  0.26/turn              s - ring of stealth
MPRegen  0.12/turn              E - ring of positive energy

@: no status effects
A: breathe fire, unfitting armour, fire resistance 1, cold-blooded, AC +7
a: Breathe Fire, Heroism, Renounce Religion


You were on level 9 of the Dungeon.
You worshipped Okawaru.
Okawaru was pleased with you.
You were not hungry.

You visited 2 branches of the dungeon, and saw 10 of its levels.

You collected 435 gold pieces.

Inventory:

Hand Weapons
 a - a +1 long sword (weapon)
 w - a +7 dagger of speed
Missiles
 l - 6 silver javelins (quivered)
Armour
 b - a +1 kite shield (worn)
 f - a +0 cloak (worn)
 i - a +0 pair of boots (worn)
 y - a +1 pair of gloves of strength (worn)
Jewellery
 s - a ring of stealth (left hand)
 E - a ring of positive energy (right hand)
Wands
 r - a wand of iceblast (5)
 x - a wand of acid (6)
 C - a wand of clouds (3)
 F - a wand of polymorph (6)
 G - a wand of digging (5)
Scrolls
 c - a scroll of magic mapping
 e - a scroll of enchant armour
 j - a scroll of enchant weapon
 o - 2 scrolls of teleportation
 t - 4 scrolls of remove curse
Potions
 g - a potion of berserk rage
 h - 2 potions of lignification
 k - a potion of curing
 m - a potion of magic {unknown}
 n - a potion of mutation
 q - 2 potions of might
 u - a potion of flight {unknown}
 v - a potion of resistance
 z - a potion of invisibility
 A - a potion of ambrosia
Comestibles
 d - 19 rations
 p - 2 chunks of flesh


   Skills:
 + Level 11.3 Fighting
 + Level 10.2 Long Blades
 + Level 4.5 Dodging
 + Level 4.9 Shields


You had 9 spell levels left.
You didn't know any spells.
Your spell library contained the following spells:

 Spells                   Type           Power        Failure   Level  Hunger
 Animate Skeleton         Necr           N/A          85%         1    ##.....
 Apportation              Tloc           #.....       85%         1    ##.....
 Corona                   Hex            #......      85%         1    ##.....
 Summon Small Mammal      Summ           #...         85%         1    ##.....


Dungeon Overview and Level Annotations

Branches:
Dungeon (9/15)             Temple (1/1) D:6
   Lair: D:8-11         Orc: D:9-12

Altars:
Cheibriados
Elyvilon
Fedhas
Kikubaaqudgha
Makhleb
Okawaru
Ru
Sif Muna
Uskayaw
Wu Jian
Xom
Yredelemnul
The Shining One

Annotations:
D:9 Pikel


Innate Abilities, Weirdness & Mutations

You can breathe blasts of fire.
Your fiery red scales are hard. (AC +7)
You cannot fit into any form of body armour.
Your flesh is heat resistant. (rF+)
You are cold-blooded and may be slowed by cold attacks.


Message History

You hit the troll.
The troll is heavily wounded.
You block the troll's attack. The troll claws you.
You block the troll's attack.
You slash the troll!
The troll is severely wounded.
You block the troll's attack. The troll claws you but does no damage.
The troll barely misses you.
You closely miss the troll.
The troll is heavily wounded.
You block the troll's attack. The troll barely misses you.
You block the troll's attack.
You slash the troll! You tail-slap the troll.
The troll is almost dead.
The troll bites you!
* * * LOW HITPOINT WARNING * * *
You block the troll's attack. The troll claws you!
* * * LOW HITPOINT WARNING * * *
The troll bites you!
You die...

####### #Kp...###
. #T#.(...# ..
#@#.#.#.## ...
#.#.T.#..
....###...#.#
......#p#K#T#.#>#(
#....p..%....
##รท#.#p#.#.#.
#.........
##.#.#.#.#
#........?.


You could see Pikel, a troll and a slave.

Vanquished Creatures
  A hydra (D:9)
  A gargoyle (D:7)
  A hornet (D:8)
  Grinder (D:3)
  A hippogriff (D:8)
  3 humans
  Menkaure (D:6)
  2 soldier ants (D:8)
  Duvessa (D:6)
  2 ice beasts
  An orc warrior (D:5)
  2 phantoms
  A sky beast (D:7)
  A centaur (D:8)
  2 ogres
  2 bullfrogs
  Dowan (D:5)
  A scorpion (D:5)
  6 killer bees (D:8)
  3 wights (D:7)
  3 howler monkeys
  2 bullfrog zombies
  A crimson imp (D:5)
  A jelly (D:7)
  3 hounds
  Crazy Yiuf (D:6)
  Jessica (D:3)
  2 iguanas
  5 worker ants
  Natasha (twice) (D:4)
  3 orc wizards
  A howler monkey zombie (D:9)
  4 gnolls (D:7)
  17 adders
  A shadow imp (D:7)
  6 worms
  2 adder skeletons (D:4)
  3 dart slugs
  7 leopard geckos
  17 orcs
  10 bats
  7 giant cockroaches
  7 goblins
  11 hobgoblins
  8 jackals (D:3)
  3 quokkas
  10 ball pythons
  A frilled lizard (D:2)
  12 kobolds
  7 rats
192 creatures vanquished.

Vanquished Creatures (others)
  A human (D:6)
1 creature vanquished.

Grand Total: 193 creatures vanquished

Notes
Turn   | Place    | Note
-------+----------+-------------------------------------------
     0 | D:1      | Faca the Draconian Fighter began the quest for the Orb.
     0 | D:1      | Reached XP level 1. HP: 19/19 MP: 1/1
   343 | D:1      | Reached XP level 2. HP: 26/26 MP: 2/2
   649 | D:1      | Reached skill level 4 in Fighting
   742 | D:1      | Reached XP level 3. HP: 33/33 MP: 3/3
  1344 | D:2      | Reached XP level 4. HP: 23/41 MP: 4/4
  2398 | D:3      | Noticed Jessica
  2406 | D:3      | Killed Jessica
  2406 | D:3      | Reached skill level 5 in Fighting
  2619 | D:3      | Reached XP level 5. HP: 48/48 MP: 5/5
  2704 | D:3      | Noticed a -1 dagger
  2704 | D:3      | Noticed a +0 dagger
  2707 | D:3      | Found a hide-covered altar of Uskayaw.
  3017 | D:3      | Noticed Grinder
  3026 | D:3      | Killed Grinder
  3026 | D:3      | Reached skill level 6 in Fighting
  3026 | D:3      | Reached skill level 5 in Long Blades
  3026 | D:3      | Reached XP level 6. HP: 57/57 MP: 6/6
  3592 | D:4      | Your scales start taking on a fiery red colour.
  3592 | D:4      | Reached XP level 7. HP: 62/64 MP: 7/7
  3592 | D:4      | Gained mutation: Your flesh is heat resistant. (rF+) [Red
                  | Draconian growth]
  3953 | D:4      | Noticed Natasha
  3961 | D:4      | Killed Natasha
  3961 | D:4      | Reached skill level 7 in Fighting
  4119 | D:4      | Noticed Natasha
  4124 | D:4      | Killed Natasha
  4254 | D:5      | Entered Level 5 of the Dungeon
  4932 | D:6      | Found a staircase to the Ecumenical Temple.
  4969 | D:5      | Reached XP level 8. HP: 58/74 MP: 8/8
  4984 | D:6      | Noticed Duvessa
  4987 | D:6      | Reached skill level 8 in Fighting
  5119 | D:6      | Noticed Dowan
  5121 | D:6      | Killed Duvessa
  5175 | D:5      | Killed Dowan
  5481 | D:6      | Noticed Menkaure
  5483 | D:6      | HP: 2/77 [human/+0 club (6)]
  5487 | D:5      | Reached skill level 9 in Fighting
  5816 | D:6      | Killed Menkaure
  5845 | Temple   | Entered the Ecumenical Temple
  6047 | Temple   | Became a worshipper of Warmaster Okawaru
  6142 | D:6      | Found a shimmering blue altar of Sif Muna.
  6213 | D:6      | Found a runed translucent door.
  6214 | D:6      | Noticed Crazy Yiuf
  6384 | D:6      | Reached XP level 9. HP: 85/85 MP: 9/9
  6855 | D:6      | Killed Crazy Yiuf
  6914 | D:7      | Found an ornate altar of the Wu Jian Council.
  6968 | D:7      | Found a snail-covered altar of Cheibriados.
  6993 | D:7      | Reached skill level 10 in Fighting
  7172 | D:7      | Noticed a gargoyle
  7196 | D:7      | Killed a gargoyle
  7586 | D:7      | Found a shimmering altar of Xom.
  7817 | D:7      | Reached * piety under Okawaru
  8098 | D:7      | Found a glowing golden altar of the Shining One.
  8542 | D:8      | Found a blossoming altar of Fedhas.
  8543 | D:8      | Found a burning altar of Makhleb.
  8544 | D:8      | Found a white marble altar of Elyvilon.
  8545 | D:8      | Found an ancient bone altar of Kikubaaqudgha.
  8626 | D:8      | Reached skill level 11 in Fighting
  8920 | D:8      | Reached skill level 10 in Long Blades
  8920 | D:8      | Reached XP level 10. HP: 58/95 MP: 10/10
  9103 | D:8      | Found a sacrificial altar of Ru.
  9405 | D:9      | Noticed a seven-headed hydra
  9424 | D:9      | Killed a seven-headed hydra
  9469 | D:9      | Reached ** piety under Okawaru
  9484 | D:9      | Noticed Pikel
  9511 | D:9      | Slain by a troll

Illustrated notes

Levels and vault maps discovered:
D:1:      mrwooster_arrival_statue, layout_loops_ring, minmay_misc_feat_columns
D:2:      layout_loops_ring, first_ration, serial_park_tiny_2,
          minmay_octomino_c4
D:3:      layout_basic, dancing_weapons_uskayaw, uniq_grinder, uniq_jessica
D:4:      layout_basic, minmay_snake_closets, uniq_natasha
D:5:      layout_basic, kennysheep_generic_room_12
D:6:      layout_rooms, lemuel_crystal_altar, minmay_temple_entry_stoned_glass,
          hex_large, minmay_ruffians, uniq_menkaure, uniq_crazy_yiuf_cottage,
          uniq_duvessa
D:7:      layout_basic, lemuel_crystal_altar, kennysheep_mini,
          cheibriados_altar_1, basic_altar
D:8:      layout_rooms, minitemple, hangedman_pestilent_swarm, minmay_holes,
          nicolae_ru_great_annihilating_truth
D:9:      lemuel_flame_loot_2, layout_basic, nicolae_blasting_shop,
          minmay_fountain_box, st_stairs_11, uniq_erolcha, uniq_pikel,
          uniq_joseph
Temple:   nicolae_temple_figure_eight

Skill      XL: |  1  2  3  4  5  6  7  8  9 10 |
---------------+-------------------------------+-----
Fighting       | 4 5 6 7 9 11 | 11.3
Long Blades    | 3 5 6 8 10 | 10.2
Dodging        | 3 4 |  4.5
Shields        | 4 |  4.9

Action                   |  1- 3 |  4- 6 |  7- 9 | 10-12 || total
-------------------------+-------+-------+-------+-------++-------
Melee: Long sword        |   115 |   183 |   384 |    55 ||   737
       Tailslap          |    14 |    26 |    57 |    10 ||   107
       Dagger            |       |       |       |     4 ||     4
Throw: Javelin           |       |       |     4 |       ||     4
Invok: Heroism           |       |       |     2 |       ||     2
 Abil: Breathe Fire      |       |       |     9 |     1 ||    10
  Use: Scroll            |     4 |     2 |    10 |     1 ||    17
       Potion            |       |     1 |     4 |       ||     5
 Stab: Sleeping          |       |     1 |     4 |       ||     5
       Distracted        |       |       |     1 |       ||     1
       Paralysed         |       |       |       |     1 ||     1
  Eat: Chunk             |     2 |     7 |    16 |     2 ||    27
       Ration            |       |       |     1 |       ||     1
Armor: Skin              |    47 |    80 |    94 |    15 ||   236
Dodge: Dodged            |    48 |   105 |   145 |    28 ||   326
Block: Kite shield       |    52 |   134 |   168 |    41 ||   395
       Rpst.: Long sword |    16 |    34 |    43 |     4 ||    97

Table legend:
 A = Non-vault XP
 B = Vault XP
 C = Vault XP percentage of total XP
 D = Non-vault monster count
 E = Vault monster count
 F = Vault count percentage of total count
                 A         B        C        D         E       F
            +---------+---------+-------+---------+---------+-------
      Total |    4694 |    2412 |  33.9 |     154 |      39 |  20.2
            +---------+---------+-------+---------+---------+-------
        D:1 |      48 |       0 |   0.0 |      25 |       0 |   0.0
        D:2 |      71 |      24 |  25.3 |      18 |       6 |  25.0
        D:3 |      95 |     318 |  77.0 |      29 |       2 |   6.5
        D:4 |     348 |      85 |  19.6 |      12 |      11 |  47.8
        D:5 |     556 |     520 |  48.3 |      17 |       4 |  19.0
        D:6 |     239 |     705 |  74.7 |       7 |       5 |  41.7
        D:7 |    1223 |       0 |   0.0 |      29 |       0 |   0.0
        D:8 |     980 |     684 |  41.1 |      14 |       8 |  36.4
        D:9 |    1134 |      76 |   6.3 |       3 |       3 |  50.0
            +---------+---------+-------+---------+---------+-------
